 Dungeon Crawl Stone Soup version 0.23.2-1-ga50397a6bc (webtiles) character file.

Game seed: 7085355344593677509

364 MachJacob the Skirmisher (level 6, -11/39 HPs)
             Began as a Gargoyle Fighter on Apr 30, 2019.
             Was a Follower of Okawaru.
             Mangled by an orc warrior
             ... wielding a +0 dire flail
              (15 damage)
             ... on level 4 of the Dungeon.
             The game lasted 00:11:02 (3106 turns).

MachJacob the Skirmisher (Gargoyle Fighter)         Turns: 3106, Time: 00:11:03

Health: -11/39     AC: 15    Str: 21    XL:     6   Next: 67%
Magic:  6/6        EV:  5    Int:  9    God:    Okawaru [*.....]
Gold:   189        SH:  9    Dex:  9    Spells: 5/5 levels left

rFire    . . .     SeeInvis .   a - +0 flail
rCold    . . .     Gourm    .   c - +0 shield
rNeg     + . .     Faith    .   o - +0 chain mail
rPois    ∞         Spirit   .   (no helmet)
rElec    +         Reflect  .   g - +0 cloak
rCorr    .         Harm     .   (no gloves)
MR       .....                  (no boots)
Stlth    ..........             (no amulet)
HPRegen  0.13/turn              (no ring)
MPRegen  0.10/turn              (no ring)

@: no status effects
A: negative energy resistance 1, electricity resistance, unbreathing,
petrification resistance, rot immunity, AC +4
a: Heroism, Renounce Religion


You were on level 4 of the Dungeon.
You worshipped Okawaru.
Okawaru was aware of your devotion.
You were not hungry.

You visited 1 branch of the dungeon, and saw 4 of its levels.

You collected 189 gold pieces.

Inventory:

Hand Weapons
 a - a +0 flail (weapon)
Missiles
 j - 36 stones (quivered)
Armour
 b - a +0 scale mail
 c - a +0 shield (worn)
 g - a +0 cloak (worn)
 o - a +0 chain mail (worn)
Scrolls
 h - a scroll of remove curse
 l - 5 scrolls of identify
 p - a scroll of teleportation {unknown}
Potions
 d - a potion of might
 e - a potion of magic
 i - a potion of curing {unknown}
 k - a potion of resistance {unknown}
 m - a potion of flight {unknown}
 n - a potion of heal wounds {unknown}
 q - a potion of berserk rage {unknown}
 s - a potion of agility {unknown}
Comestibles
 f - 3 rations
 r - 3 chunks of flesh


   Skills:
 + Level 4.6 Fighting
 * Level 4.4 Maces & Flails
 + Level 4.6 Armour
 + Level 4.6 Shields


You had 5 spell levels left.
You didn't know any spells.
Your spell library was empty.

Dungeon Overview and Level Annotations

Branches:
Dungeon (3/15)

Altars:
Okawaru


Innate Abilities, Weirdness & Mutations

You are resistant to torment.
Your stone body is resilient. (AC +4)
You are immune to poison.
You resist negative energy. (rN+)
You are resistant to electric shocks. (rElec)
You can survive without breathing.
You are immune to petrification.
You are immune to rotting.


Message History

The orc priest miscasts a cantrip.
You thump the orc warrior!
The orc warrior is heavily wounded.
The orc warrior hits you with a +0 dire flail!
You hit the orc warrior.
The orc warrior is heavily wounded.
The orc warrior hits you with a +0 dire flail!
You hit the orc warrior.
The orc warrior is severely wounded.
The orc priest begins to cast a cantrip, but forgets the words!
The orc warrior hits you with a +0 dire flail!
You barely miss the orc warrior.
The orc warrior is severely wounded.
The orc wizard casts a cantrip, but nothing happens.
The orc warrior hits you with a +0 dire flail!
* * * LOW HITPOINT WARNING * * *
Your chain mail prevents you from hitting the orc warrior.
The orc warrior is severely wounded.
The orc warrior hits you with a +0 dire flail!
You die...

.........#
>.....oo.#
........#
#.....o#
#......#
#....o.#
##.....o####
#......oo@.+
#.^....o####
#.......#
#.......#
#.......#
#.......#
#.......#
#.......#
#.......#


You could see an orc warrior, an orc priest, 2 orc wizards and an orc.

Vanquished Creatures
  Sigmund (D:2)
  Natasha (thrice) (D:2)
  Terence (D:2)
  3 adders
  A gnoll (D:1)
  An ooze (D:1)
  3 leopard geckos
  6 bats
  2 giant cockroaches
  7 goblins
  6 hobgoblins
  6 jackals (D:1)
  10 kobolds
  A ball python (D:1)
  4 frilled lizards (D:1)
  7 rats
62 creatures vanquished.

Notes
Turn   | Place    | Note
-------+----------+-------------------------------------------
     0 | D:1      | MachJacob the Gargoyle Fighter began the quest for the Orb.
     0 | D:1      | Reached XP level 1. HP: 14/14 MP: 1/1
    48 | D:1      | Reached XP level 2. HP: 19/19 MP: 2/2
   291 | D:1      | Reached XP level 3. HP: 18/24 MP: 3/3
  1004 | D:2      | Found an iron altar of Okawaru.
  1012 | D:2      | Became a worshipper of Warmaster Okawaru
  1146 | D:2      | Noticed Natasha
  1155 | D:2      | Reached XP level 4. HP: 29/29 MP: 4/4
  1180 | D:2      | Killed Natasha
  1185 | D:2      | Noticed Natasha
  1377 | D:2      | Killed Natasha
  1377 | D:2      | Reached XP level 5. HP: 12/33 MP: 5/5
  1612 | D:2      | Noticed Natasha
  1643 | D:2      | Killed Natasha
  1918 | D:2      | Noticed Terence
  1934 | D:2      | Killed Terence
  1961 | D:2      | Noticed Sigmund
  2013 | D:2      | Killed Sigmund
  2013 | D:2      | Reached * piety under Okawaru
  2013 | D:2      | Reached XP level 6. HP: 10/39 MP: 6/6
  2604 | D:3      | Found a faded altar of an unknown god.
  3093 | D:3      | You fall through a shaft!
  3096 | D:4      | Noticed an orc warrior
  3106 | D:4      | Mangled by an orc warrior

Skill      XL: |  1  2  3  4  5 |
---------------+----------------+-----
Maces & Flails | 3 4 |  4.4
Shields        | 4 |  4.6
Fighting       | 4 |  4.6
Armour         | 4 |  4.6

Action                   |  1- 3 |  4- 6 || total
-------------------------+-------+-------++-------
Melee: Flail             |   142 |   161 ||   303
Throw: Stone             |     8 |    12 ||    20
  Use: Scroll            |     1 |     1 ||     2
  Eat: Chunk             |       |     8 ||     8
Armor: Scale mail        |    81 |    24 ||   105
       Chain mail        |       |    59 ||    59
Dodge: Dodged            |    33 |    32 ||    65
Block: Shield            |    87 |    78 ||   165
